[Event "Team 45 45 League T75"]
[Site "Internet Chess Club"]
[Date "2018.01.27"]
[Round "6"]
[White "Signalman"]
[Black "Agarnez"]
[Result "0-1"]
[WhiteElo "1860"]
[BlackElo "1928"]
[Opening "Queen's pawn, Mason variation, Steinitz counter-gambit"]
[ECO "D00"]
[Time "03:35:16"]
[TimeControl "2700+45"]

1. d4 d5 2. Bf4 c5 3. e3 Qb6 4. Nc3 Nf6 5. Nf3 a6 6. Rb1 Nc6 7. a3 Bg4 8. Be2
Bxf3 9. Bxf3 cxd4 10. Nxd5 Nxd5 11. Bxd5 Qa5+ 12. Kf1 Qxd5 13. exd4 Qxd4 14.
Qxd4 Nxd4 15. c3 Nb3 16. Rd1 e6 17. Ke2 Bc5 18. Rd3 Ke7 19. c4 Nd4+ 20. Ke1 Rhd8
21. Rh3 h6 22. b4 Bd6 23. Bd2 Be5 24. f4 Bf6 25. g4 Rd7 26. Rg1 Rad8 27. Rg2
Bh4+ 28. Kd1 g5 29. fxg5 Bxg5 30. Bxg5+ hxg5 31. Rd2 Nf3 32. Rxd7+ Rxd7+ 33. Kc1
Ne5 34. Rh5 Kf6 35. h3 Nxc4 36. a4 Kg6 37. Rh8 f5 38. gxf5+ exf5 39. Rg8+ Kf6
40. Rf8+ Ke5 41. Rg8 Kf4 42. Rh8 Nb6 43. Kc2 Nxa4 44. Kb3 Nb6 45. Rh6 Nd5 {White
resigns} 0-1

[Event "Team 45 45 League T75"]
[Site "Internet Chess Club"]
[Date "2018.01.28"]
[Round "6"]
[White "elmaestro"]
[Black "gera-carp75"]
[Result "1/2-1/2"]
[WhiteElo "1695"]
[BlackElo "1843"]
[Opening "Sicilian defense"]
[ECO "B33"]
[Time "23:08:49"]
[TimeControl "2700+45"]

1. e4 c5 2. Nf3 Nc6 3. d4 cxd4 4. Nxd4 Nf6 5. Nc3 Qc7 6. Be2 e6 7. Be3 a6 8. a3
b5 9. O-O Bb7 10. Rc1 Be7 11. f4 h5 12. h3 d6 13. Bf3 O-O-O 14. Nxc6 Bxc6 15.
Qe2 Qb7 16. e5 Bxf3 17. Qxf3 Qxf3 18. Rxf3 Ne8 19. Ne4 d5 20. Ng5 Rf8 21. Nh7
Rh8 22. Ng5 Rf8 23. Nh7 Rh8 24. Ng5 Rf8 25. Nh7 {Game drawn by repetition}
1/2-1/2

[Event "Team 45 45 League T75"]
[Site "Internet Chess Club"]
[Date "2018.01.28"]
[Round "6"]
[White "leandromorg"]
[Black "ascoli"]
[Result "1-0"]
[WhiteElo "1709"]
[BlackElo "1648"]
[Opening "King's Indian: Sämisch, 6...Nc6"]
[ECO "E83"]
[Time "10:54:19"]
[TimeControl "2700+45"]

1. d4 Nf6 2. c4 g6 3. Nc3 Bg7 4. e4 d6 5. f3 Nc6 6. Be3 O-O 7. Qd2 e5 8. d5 Nd4
9. Nge2 Nxe2 10. Bxe2 Bd7 11. O-O-O a6 12. g4 h5 13. Bg5 hxg4 14. fxg4 Qc8 15.
h3 Nh7 16. Be3 Rb8 17. Rdg1 b5 18. c5 b4 19. Nd1 c6 20. dxc6 Bxc6 21. Nf2 dxc5
22. Qc2 Bb5 23. Bxb5 Rxb5 24. Qc4 Rd8 25. Rd1 Nf8 26. Rxd8 Qxd8 27. Rd1 Qc7 28.
g5 Nd7 29. Qd5 Rb7 30. Ng4 Nb6 31. Qd8+ Qxd8 32. Rxd8+ Kh7 33. b3 a5 34. Kd2 c4
35. Bxb6 cxb3 36. axb3 Rxb6 37. Ne3 a4 38. bxa4 b3 39. Kc1 Ra6 40. Nd5 Rxa4 41.
Nc3 Ra1+ 42. Kb2 Rh1 43. Rd3 Rg1 44. Rf3 Rxg5 45. Kxb3 f5 46. Kc4 f4 47. Ne2 Rg2
48. Kd3 Kh6 49. Nc3 Kh5 50. Nd5 Kh6 51. Nc3 Rg3 52. Rxg3 fxg3 53. Ke3 Kg5 54.
Kf3 Kh6 55. Kxg3 g5 56. Kg4 Kg6 57. Nd5 Bh8 58. Ne7+ Kf6 59. Nf5 Kg6 60. Ne7+
Kf6 61. Nd5+ Kg6 62. Nb4 Kf6 63. Kh5 Bg7 64. Nd3 Ke6 65. Kxg5 Bf6+ 66. Kg6 Be7
67. Ne1 Kd6 68. Nf3 Kc5 69. Nxe5 Kd6 70. Kf5 {Black resigns} 1-0

[Event "Team 45 45 League T75"]
[Site "Internet Chess Club"]
[Date "2018.01.30"]
[Round "6"]
[White "ColourfulChess"]
[Black "trombone"]
[Result "1-0"]
[WhiteElo "1732"]
[BlackElo "1792"]
[Opening "Sicilian: dragon, Yugoslav attack, 10.O-O-O"]
[ECO "B78"]
[Time "13:15:21"]
[TimeControl "2700+45"]

1. e4 c5 2. Nf3 d6 3. d4 cxd4 4. Nxd4 Nf6 5. Nc3 g6 6. Be3 Bg7 7. f3 Nc6 8. Qd2
O-O 9. Bc4 Bd7 10. O-O-O Ne5 11. Bb3 Qa5 12. Kb1 Rfc8 13. Bg5 Nc4 14. Bxc4 Rxc4
15. Nb3 Qe5 16. Rhe1 Qe6 17. e5 Ne8 18. exd6 Qf5 19. Nd5 Kh8 20. Rxe7 Be6 21.
Ne3 Qxg5 22. Nxc4 Qf6 23. Rxe6 fxe6 24. d7 Rd8 25. dxe8=Q+ Rxe8 26. c3 h6 27.
Qd7 Re7 28. Qd8+ Kh7 29. Nc5 Qf7 30. Nd6 {Black resigns} 1-0

[Event "Team 45 45 League T75"]
[Site "Internet Chess Club"]
[Date "2018.01.30"]
[Round "6"]
[White "fledermaus"]
[Black "ANGELLR"]
[Result "1-0"]
[WhiteElo "1890"]
[BlackElo "1865"]
[Opening "QGD"]
[ECO "D52"]
[Time "17:04:04"]
[TimeControl "2700+45"]

1. Nf3 d5 2. d4 Nf6 3. c4 c6 4. Nc3 e6 5. Bg5 Nbd7 6. e3 a6 7. c5 Be7 8. Bd3 Nh5
9. Bf4 Nxf4 10. exf4 Qc7 11. Ne5 g6 12. O-O f6 13. Nxd7 Bxd7 14. Qd2 O-O 15.
Rfe1 e5 16. fxe5 fxe5 17. Rxe5 Bf6 18. Re2 Bg4 19. f3 Bxd4+ 20. Kh1 Bxc3 21.
Qxc3 Bf5 22. Rae1 Qg7 23. Bxf5 Rxf5 24. Qb4 Rf7 25. Re8+ Rxe8 26. Rxe8+ Rf8 27.
Rxf8+ Kxf8 28. Qf4+ Qf7 29. Qb8+ Kg7 30. Qe5+ Kh6 31. Qe3+ g5 32. h4 Qf6 33. Kg1
Kg6 34. Qe8+ Kh6 35. Qe3 Qg6 36. hxg5+ Qxg5 37. f4 Qf5 38. Kh2 Qf6 39. b4 Kg7
40. Qg3+ Kf7 41. Qg4 Qe6 42. f5 Qh6+ 43. Kg1 Qc1+ 44. Kh2 Qh6+ 45. Kg1 Qf6 46.
Qh5+ Kg7 47. Qg4+ Kf8 48. Qf4 Kf7 49. Qb8 Qd4+ 50. Kh2 Qxb4 51. Qc7+ Kf6 52.
Qxh7 Qf4+ 53. Kg1 Qxf5 54. Qxb7 Qe6 55. Qxa6 d4 56. Qf1+ Ke7 57. Qd3 Qe1+ 58.
Kh2 Qe5+ 59. Kg1 Qxc5 60. Kf2 Qd5 61. a3 c5 62. Qh7+ Kd6 63. Qg6+ Kc7 64. Qh7+
Kb6 65. Qb1+ Ka6 66. g4 c4 67. Qg6+ Ka5 68. Qh5 Qxh5 69. gxh5 c3 70. Ke2 Ka4 71.
h6 c2 72. Kd2 Kb3 73. Kc1 d3 74. h7 d2+ 75. Kxd2 Kb2 76. h8=Q+ Kb1 77. Qb8+ Ka2
78. Kxc2 Ka1 79. Qb2# {Black checkmated} 1-0

[Event "Team 45 45 League T75"]
[Site "Internet Chess Club"]
[Date "2018.01.30"]
[Round "6"]
[White "primerpaso"]
[Black "jonesey"]
[Result "1-0"]
[WhiteElo "1895"]
[BlackElo "1833"]
[Opening "English: Anglo-Dutch defense"]
[ECO "A10"]
[Time "14:13:12"]
[TimeControl "2700+45"]

1. c4 f5 2. Nc3 e5 3. g3 Nc6 4. Bg2 g6 5. e3 Bg7 6. Nge2 Nf6 7. O-O O-O 8. b3 e4
9. Ba3 d6 10. d3 Ne5 11. dxe4 fxe4 12. Qc2 Nf3+ 13. Kh1 Ng4 14. h3 Nf6 15. Rad1
Bf5 16. Nd4 Qd7 17. Nxf5 Qxf5 18. Nd5 Ne8 19. Ne7+ {Black resigns} 1-0

[Event "Team 45 45 League T75"]
[Site "Internet Chess Club"]
[Date "2018.01.26"]
[Round "6"]
[White "LookImYourVader"]
[Black "VictorRed"]
[Result "1/2-1/2"]
[WhiteElo "1795"]
[BlackElo "1748"]
[Opening "Robatsch defense: two knights variation"]
[ECO "B06"]
[Time "19:02:55"]
[TimeControl "2700+45"]

1. e4 g6 2. d4 Bg7 3. Nf3 d6 4. Nc3 Bg4 5. Be2 Nc6 6. Be3 Nf6 7. O-O O-O 8. d5
Bxf3 9. Bxf3 Ne5 10. Be2 c5 11. f4 Ned7 12. Qd3 a6 13. a4 Rc8 14. a5 Ne8 15. Bf3
c4 16. Qd2 e5 17. dxe6 fxe6 18. Rfd1 Qc7 19. e5 Nxe5 20. fxe5 Bxe5 21. Bd4 Bf4
22. Be3 Be5 23. Bd4 Bf4 24. Be3 Be5 {Game drawn by repetition} 1/2-1/2

[Event "Team 45 45 League T75"]
[Site "Internet Chess Club"]
[Date "2018.01.26"]
[Round "6"]
[White "achessman"]
[Black "Ajolote"]
[Result "0-1"]
[WhiteElo "1865"]
[BlackElo "1853"]
[Opening "Sicilian: Alapin's variation (2.c3)"]
[ECO "B22"]
[Time "21:36:00"]
[TimeControl "2700+45"]

1. e4 c5 2. c3 Nf6 3. e5 Nd5 4. d4 cxd4 5. Nf3 Nc6 6. cxd4 g6 7. Bc4 Nb6 8. Bd3
Bg7 9. h4 h5 10. Be3 O-O 11. O-O d5 12. exd6 Qxd6 13. Be4 Bg4 14. Bxc6 bxc6 15.
Nbd2 Nd5 16. Rc1 Rab8 17. Qa4 Rfc8 18. Nc4 Qf6 19. Nfe5 Qxh4 20. Nxc6 Bd7 21.
N4a5 Rxb2 22. Qa3 Re2 23. Qd3 Qg4 24. f3 Qxg2# {White checkmated} 0-1

[Event "Team 45 45 League T75"]
[Site "Internet Chess Club"]
[Date "2018.01.27"]
[Round "6"]
[White "Beetlejuice"]
[Black "nealbruce"]
[Result "0-1"]
[WhiteElo "1818"]
[BlackElo "1700"]
[Opening "QGD: Tarrasch, Prague variation"]
[ECO "D33"]
[Time "09:01:44"]
[TimeControl "2700+45"]

1. d4 d5 2. c4 e6 3. Nf3 c5 4. cxd5 exd5 5. Nc3 Nf6 6. g3 Nc6 7. Bg2 Be6 8. O-O
c4 9. Bg5 h6 10. Bxf6 Qxf6 11. Qa4 Qd8 12. Ne5 Rc8 13. Nxc6 bxc6 14. Qxa7 Be7
15. Qa4 O-O 16. b3 cxb3 17. Qxb3 Rb8 18. Qc2 Qb6 19. e3 Rfd8 20. Rab1 Qa5 21.
Rb3 Rxb3 22. Qxb3 Bb4 23. Rc1 Ra8 24. h4 Bf5 25. Bf1 Bxc3 26. Rxc3 Qxa2 27. Qb7
Qa1 28. Rxc6 Ra2 29. Qc7 Qe1 30. Qb8+ Kh7 31. Qf4 Be6 32. Qf3 Bh3 33. Rxh6+ Kxh6
34. Qf4+ Kh7 {White resigns} 0-1

[Event "Team 45 45 League T75"]
[Site "Internet Chess Club"]
[Date "2018.01.28"]
[Round "6"]
[White "Insan996"]
[Black "Megasus"]
[Result "1-0"]
[WhiteElo "1697"]
[BlackElo "1512"]
[Opening "Queen's pawn game"]
[ECO "A46"]
[Time "23:11:18"]
[TimeControl "2700+45"]

1. d4 Nf6 2. Nf3 d6 3. c4 c6 4. Nc3 Qc7 5. Bf4 Nbd7 6. e3 h6 7. h3 e5 8. dxe5
dxe5 9. Bh2 Be7 10. Be2 O-O 11. O-O b6 12. Qc2 Bb7 13. Rfd1 Rad8 14. Nd4 g6 15.
a3 a6 16. Nf3 c5 17. Nd2 Rfe8 18. e4 Nf8 19. Nd5 Nxd5 20. exd5 Nh7 21. Nf3 Bd6
22. Nd2 f5 23. f3 Bc8 24. Rf1 Qe7 25. Rae1 Qh4 26. Bd3 Nf6 27. Rf2 Nh5 28. Nf1
Qd4 29. Ng3 Nxg3 30. Bxg3 Rf8 31. Rd1 Qe3 32. Kh1 Qf4 33. Bxf4 exf4 34. Re2 Rde8
35. Rde1 Re3 36. Rxe3 fxe3 37. Rxe3 Bf4 38. Re7 Bd6 39. Re2 Bd7 40. Qd2 Kg7 41.
Qe1 Rf7 42. g3 b5 43. b3 g5 44. Qg1 f4 45. gxf4 Rxf4 46. Qg2 Rh4 47. Re6 Bxe6
48. dxe6 Kf6 49. cxb5 axb5 50. Bxb5 Kxe6 51. Qe2+ Kf6 52. Kg2 h5 53. Bc4 Be5 54.
Qd2 Bd4 55. a4 {Black resigns} 1-0

[Event "Team 45 45 League T75"]
[Site "Internet Chess Club"]
[Date "2018.01.28"]
[Round "6"]
[White "hood"]
[Black "MovingDutchman"]
[Result "1-0"]
[WhiteElo "2061"]
[BlackElo "2086"]
[Opening "Caro-Kann: classical, 6.h4"]
[ECO "B18"]
[Time "13:21:01"]
[TimeControl "2700+45"]

1. e4 c6 2. d4 d5 3. Nc3 dxe4 4. Nxe4 Bf5 5. Ng3 Bg6 6. h4 h5 7. Nf3 Nd7 8. Bd3
Bxd3 9. Qxd3 Ngf6 10. Bf4 e6 11. O-O Nd5 12. Bg5 Be7 13. c4 N5f6 14. Rfe1 Qc7
15. Rad1 O-O-O 16. Qc3 Rhe8 17. b4 Kb8 18. a4 Ka8 19. a5 a6 20. Qb2 Rc8 21. Ne5
Bd6 22. Qc3 Rf8 23. Bf4 Rg8 24. Qb2 Ng4 25. c5 Ndxe5 26. cxd6 Nc4 27. Qc2 Nxd6
28. Ne4 Rcd8 29. g3 Nf6 30. Nxd6 Rxd6 31. Qc5 Rgd8 32. Qg5 Rg8 33. Re3 Nd5 34.
Bxd6 Qxd6 35. Rf3 f6 36. Qxh5 g5 37. Qh7 Qf8 38. hxg5 Rxg5 39. Kg2 Rg7 40. Qd3
f5 41. Qe2 Qg8 42. Qe5 f4 43. Re1 Re7 44. Rh1 Re8 45. Rh5 Rd8 46. Rg5 Qh7 47. g4
Qb1 48. Rh5 Ka7 49. Qxe6 Qxb4 50. g5 Qxd4 51. Rh7 Rh8 52. Rxh8 Qxh8 53. Rh3 Qg7
54. g6 Ne7 55. Rh7 Qxg6+ 56. Qxg6 Nxg6 57. Kf3 Nf8 58. Rh6 Nd7 59. Kxf4 {Black
resigns} 1-0

[Event "Team 45 45 League T75"]
[Site "Internet Chess Club"]
[Date "2018.01.27"]
[Round "6"]
[White "Sloggi"]
[Black "gomeschess"]
[Result "0-1"]
[WhiteElo "1908"]
[BlackElo "2101"]
[Opening "Trompowsky attack (Ruth, Opocenský opening)"]
[ECO "A45"]
[Time "19:31:33"]
[TimeControl "2700+45"]

1. d4 Nf6 2. Bg5 Ne4 3. h4 c5 4. d5 Qb6 5. Bc1 e6 6. Nf3 Be7 7. Qd3 exd5 8. Qxd5
Nf6 9. Qb3 d5 10. Qxb6 axb6 11. e3 Nc6 12. b3 Nb4 13. Bb5+ Bd7 14. Bxd7+ Kxd7
15. Na3 Ne4 16. Ne5+ Ke6 17. Nd3 Bf6 18. Rb1 Rxa3 19. Bxa3 Nxc2+ 20. Kd1 Nxa3
21. Rc1 c4 22. Nf4+ Ke5 23. Ke2 b5 24. Rhd1 Rd8 25. g3 c3 26. Rg1 c2 {White
resigns} 0-1

[Event "Team 45 45 League T75"]
[Site "Internet Chess Club"]
[Date "2018.01.28"]
[Round "6"]
[White "soccerisfun"]
[Black "cool64chess"]
[Result "1-0"]
[WhiteElo "2006"]
[BlackElo "1985"]
[Opening "French: Tarrasch"]
[ECO "C03"]
[Time "13:03:44"]
[TimeControl "2700+45"]

1. e4 e6 2. d4 d5 3. Nd2 Be7 4. c3 c5 5. exd5 cxd4 6. Bb5+ Bd7 7. dxe6 Bxb5 8.
Qh5 Qb6 9. exf7+ Kf8 10. fxg8=Q+ Rxg8 11. c4 Be8 12. Qxh7 Bg6 13. Qh3 Nc6 14.
Ngf3 Bd3 15. Ng5 Nb4 16. Ne6+ Kf7 17. Nf4 Nc2+ 18. Kd1 Bg6 19. Nf3 Rh8 20. Qg4
Nxa1 21. Nxg6 Bf6 22. Qf5 Rhe8 23. Ng5+ {Black resigns} 1-0

[Event "Team 45 45 League T75"]
[Site "Internet Chess Club"]
[Date "2018.01.28"]
[Round "6"]
[White "BigCol"]
[Black "joebobpop"]
[Result "0-1"]
[WhiteElo "1733"]
[BlackElo "1919"]
[Opening "Queen's pawn: London system"]
[ECO "A45"]
[Time "13:05:50"]
[TimeControl "2700+45"]

1. d4 Nf6 2. Bf4 g6 3. e3 Bg7 4. h3 d6 5. Nf3 O-O 6. Be2 Nbd7 7. c3 b6 8. O-O
Bb7 9. Nbd2 Re8 10. Re1 e5 11. dxe5 dxe5 12. Bg3 Ne4 13. Nxe4 Bxe4 14. Qd2 Qe7
15. Rad1 Rad8 16. b4 Nc5 17. Qb2 Nd3 18. Bxd3 Bxd3 19. e4 c5 20. a3 Qc7 21. a4
Qc6 22. b5 Qb7 23. Nd2 c4 24. f3 f5 25. Bf2 Bh6 26. exf5 gxf5 27. Qb4 Bc2 28.
Qxc4+ Qf7 29. Qh4 Qg6 30. Rxe5 Bxd1 31. Rxe8+ Rxe8 32. f4 Bxa4 33. c4 Bg7 34.
Be1 Qf6 35. Qg3 Qd4+ 36. Kh1 Bd1 37. h4 Qe3 {White resigns} 0-1

[Event "Team 45 45 League T75"]
[Site "Internet Chess Club"]
[Date "2018.01.28"]
[Round "6"]
[White "JSCOL"]
[Black "JJ12"]
[Result "1-0"]
[WhiteElo "2208"]
[BlackElo "2105"]
[Opening "KGA: bishop's gambit, Jaenisch variation"]
[ECO "C33"]
[Time "11:03:40"]
[TimeControl "2700+45"]

1. e4 e5 2. f4 exf4 3. Bc4 Nf6 4. Nc3 c6 5. d4 d5 6. exd5 cxd5 7. Bb5+ Bd7 8.
Bxf4 Bb4 9. Bd3 Qe7+ 10. Ne2 Bxc3+ 11. bxc3 Ne4 12. O-O O-O 13. Ng3 Nxg3 14.
Bxg3 Nc6 15. Qh5 f5 16. Rae1 Qf7 17. Qf3 g6 18. Bf4 Rfe8 19. Rb1 b6 20. h4 h5
21. Qg3 Kh7 22. Qg5 Qg7 23. g4 hxg4 24. h5 Nd8 25. Rb5 Nf7 26. hxg6+ Qxg6 27.
Qh4+ Kg7 28. Rxd5 Be6 29. Be5+ Kg8 30. c4 Qg5 31. Qg3 Bxd5 32. cxd5 Nxe5 33.
dxe5 Rf8 34. e6 f4 35. Qh2 Qg7 36. Rxf4 Rxf4 37. Qxf4 Rf8 38. Qe4 Re8 39. d6 Qh6
40. Qh7+ Qxh7 41. Bxh7+ Kxh7 42. d7 Rxe6 43. d8=Q Rg6 44. Kg2 Rg7 45. Kg3 Rg6
46. Qh4+ Kg8 47. Qe7 Rg7 48. Qe8+ Kh7 49. Qb8 Rf7 50. Kxg4 Kg6 51. Qc8 Kg7 52.
Kg5 Re7 53. Kf5 Kf7 54. a4 Kg7 55. a5 bxa5 56. Qc3+ {Black resigns} 1-0

[Event "Team 45 45 League T75"]
[Site "Internet Chess Club"]
[Date "2018.01.27"]
[Round "6"]
[White "Monterrey"]
[Black "f5"]
[Result "1/2-1/2"]
[WhiteElo "2016"]
[BlackElo "2183"]
[Opening "Dutch"]
[ECO "A80"]
[Time "19:03:15"]
[TimeControl "2700+45"]

1. d4 f5 2. Nc3 d5 3. Bf4 c6 4. e3 Nf6 5. Nf3 g6 6. Bd3 Bg7 7. O-O O-O 8. Ne2
Kh8 9. c4 Be6 10. Qb3 Qb6 11. c5 Qxb3 12. axb3 Nbd7 13. h3 a6 14. b4 Ne4 15. Ne5
Rae8 16. Rad1 Nef6 17. f3 Nxe5 18. Bxe5 Nd7 19. Bxg7+ Kxg7 20. f4 Nf6 21. Ra1
Rc8 22. Ra3 Bd7 23. Rfa1 h6 24. g3 e6 25. Kh2 Be8 26. Ng1 Nd7 27. Nf3 Kf6 28.
Rg1 g5 29. Raa1 g4 30. Ne5 h5 31. Nxd7+ Bxd7 32. h4 {Game drawn by mutual
agreement} 1/2-1/2

[Event "Team 45 45 League T75"]
[Site "Internet Chess Club"]
[Date "2018.01.29"]
[Round "6"]
[White "ANGELLR"]
[Black "laurenpar"]
[Result "1-0"]
[WhiteElo "1881"]
[BlackElo "1916"]
[Opening "Queen's pawn"]
[ECO "A40"]
[Time "20:04:21"]
[TimeControl "2700+45"]

1. d4 e6 2. Bf4 f5 3. c4 Nf6 4. Nc3 g6 5. e3 Bg7 6. Nf3 d6 7. Be2 Qe7 8. Qc2 Nc6
9. h3 b6 10. d5 e5 11. Bh2 Nd8 12. Rd1 O-O 13. b4 a5 14. a3 Nb7 15. O-O Bd7 16.
Kh1 Kh8 17. Nd2 g5 18. f4 exf4 19. exf4 g4 20. Bd3 Nh5 21. hxg4 fxg4 22. g3 axb4
23. axb4 Nf6 24. Kg2 Ra3 25. Ndb1 Ra1 26. Bg1 Rfa8 27. Bd4 Ba4 28. Nxa4 R8xa4
29. Bxa1 Rxa1 30. Nc3 Ra3 31. Rde1 Qf8 32. Nb5 {Black resigns} 1-0

[Event "Team 45 45 League T75"]
[Site "Internet Chess Club"]
[Date "2018.01.26"]
[Round "6"]
[White "bobhill"]
[Black "Heian"]
[Result "0-1"]
[WhiteElo "1849"]
[BlackElo "1725"]
[Opening "Queen's pawn game"]
[ECO "D02"]
[Time "18:10:08"]
[TimeControl "2700+45"]

1. d4 d5 2. Nf3 e6 3. Bg5 Be7 4. Bxe7 Qxe7 5. e3 f5 6. Ne5 Nf6 7. c3 c6 8. Nd2
O-O 9. Bd3 Nbd7 10. f4 Nxe5 11. fxe5 Ng4 12. Qe2 Qg5 13. Nf1 f4 14. h4 Qh5 15.
Nh2 Qxh4+ 16. Kf1 Nxh2+ 17. Kg1 f3 18. Qf2 Qxf2+ 19. Kxf2 Ng4+ 20. Kg3 Nh6 21.
gxf3 b6 22. Rag1 Nf5+ 23. Kf2 a5 24. Rg4 Ba6 25. Bc2 Ra7 26. e4 dxe4 27. Bxe4
Raf7 28. Ke1 g6 29. Kd2 c5 30. d5 exd5 31. Bc2 Ng7 32. Rgh4 Rxf3 33. Bd1 Rf2+
34. Kc1 h5 35. Rg1 Bd3 36. Rh3 c4 37. Re3 Rf1 38. Rxf1 Bxf1 39. e6 Re8 40. e7
Nf5 41. Re6 Kf7 42. Rxb6 Rxe7 43. Bf3 Re5 44. Rb5 Ne7 45. Rxa5 Bh3 46. Kd2 Bg4
47. Bd1 Bxd1 48. Kxd1 h4 49. Ra8 h3 50. Rh8 Rh5 {White resigns} 0-1

[Event "Team 45 45 League T75"]
[Site "Internet Chess Club"]
[Date "2018.01.27"]
[Round "6"]
[White "SlimeDog2"]
[Black "charles-allen"]
[Result "1-0"]
[WhiteElo "1988"]
[BlackElo "1827"]
[Opening "Dutch defense"]
[ECO "A96"]
[Time "22:07:25"]
[TimeControl "2700+45"]

1. d4 e6 2. c4 f5 3. g3 Nf6 4. Bg2 Be7 5. Nc3 d6 6. Nf3 O-O 7. O-O Ne4 8. Qc2
Nxc3 9. Qxc3 a5 10. b3 Bf6 11. Bb2 Nc6 12. Rad1 Qe8 13. a3 e5 14. Qc2 e4 15. Ne1
Bg5 16. Bc1 Bf6 17. e3 b6 18. f3 exf3 19. Nxf3 Ba6 20. Qxf5 Bc8 21. Qc2 Bg4 22.
Rde1 Qh5 23. Nh4 Nxd4 24. exd4 Bxd4+ 25. Kh1 Rxf1+ 26. Rxf1 Re8 27. Bd5+ Be6 28.
Bxe6+ Rxe6 29. Qf5 Qe8 30. Nf3 Bc5 31. Ng5 Re5 32. Qxh7# {Black checkmated} 1-0

[Event "Team 45 45 League T75"]
[Site "Internet Chess Club"]
[Date "2018.01.25"]
[Round "6"]
[White "nathanpillay"]
[Black "ChessHouston"]
[Result "0-1"]
[WhiteElo "1690"]
[BlackElo "1818"]
[Opening "King's Indian: 3.g3"]
[ECO "E60"]
[Time "13:04:25"]
[TimeControl "2700+45"]

1. d4 Nf6 2. c4 g6 3. g3 Bg7 4. Nc3 d6 5. Bg2 Nbd7 6. Nf3 c5 7. d5 Nb6 8. Nd2 e6
9. O-O O-O 10. Qc2 Rb8 11. Rb1 Re8 12. e4 Ng4 13. b3 Qf6 14. Bb2 e5 15. h3 Nh6
16. f4 Qe7 17. Ne2 f5 18. fxe5 dxe5 19. Rbd1 Bd7 20. Kh2 Nc8 21. Nc1 Nd6 22. Nd3
b6 23. Rde1 Nhf7 24. Qd1 fxe4 25. Nxe4 Nxe4 26. Rxe4 Nd6 27. Ree1 e4 28. Bxg7
Qxg7 29. Nf4 Qc3 30. Ne2 Qe5 31. Qc1 Rf8 32. Qc3 Qg5 33. Nf4 Rbe8 34. a3 Qe5 35.
Qxe5 Rxe5 36. g4 b5 37. Nd3 Rxf1 38. Bxf1 exd3 39. Rxe5 d2 40. Be2 bxc4 41. bxc4
Nxc4 42. Re7 Nb6 43. d6 c4 44. Rxd7 Nxd7 45. Bxc4+ Kf8 46. Be2 Nc5 47. Kg2 Ne4
48. d7 Ke7 49. Kf3 Nc3 50. Ke3 d1=Q {White resigns} 0-1

[Event "Team 45 45 League T75"]
[Site "Internet Chess Club"]
[Date "2018.01.25"]
[Round "6"]
[White "ascoli"]
[Black "Egmont"]
[Result "1-0"]
[WhiteElo "1673"]
[BlackElo "1678"]
[Opening "QGD Slav: Wiesbaden variation"]
[ECO "D17"]
[Time "10:59:19"]
[TimeControl "2700+45"]

1. c4 c6 2. d4 d5 3. Nf3 Nf6 4. Nc3 dxc4 5. a4 Bf5 6. Ne5 e6 7. f3 h6 8. e4 Bh7
9. Bxc4 Nbd7 10. Nxd7 Qxd7 11. O-O Be7 12. Be3 O-O 13. Qb3 Qc7 14. a5 Nd7 15.
Rfd1 e5 16. d5 Nc5 17. Qa2 cxd5 18. Nxd5 Qd7 19. Nf6+ {Black resigns} 1-0

[Event "Team 45 45 League T75"]
[Site "Internet Chess Club"]
[Date "2018.01.24"]
[Round "6"]
[White "tightfist"]
[Black "cysk"]
[Result "0-1"]
[WhiteElo "1508"]
[BlackElo "1729"]
[Opening "Réti v Dutch"]
[ECO "A04"]
[Time "22:04:31"]
[TimeControl "2700+45"]

1. Nf3 f5 2. c4 Nf6 3. d4 e6 4. Nc3 Bb4 5. Bd2 O-O 6. e3 b6 7. Bd3 Bb7 8. O-O
Be7 9. Re1 Ne4 10. Rc1 Nxd2 11. Nxd2 Nc6 12. a3 Bf6 13. Nf3 Ne7 14. e4 fxe4 15.
Bxe4 d5 16. cxd5 exd5 17. Bc2 c5 18. Qd3 Ng6 19. b3 Qc8 20. Bb1 c4 21. Qc2 Qd7
22. Ne5 Bxe5 23. Rxe5 cxb3 24. Qd3 Nxe5 25. Qxh7+ Kf7 26. Qh5+ g6 27. Qxe5 Rac8
28. Qf4+ Kg7 29. Qe5+ Rf6 30. Qe3 Qd6 31. Nb5 Rxc1+ 32. Qxc1 Qe7 33. h3 Re6 34.
Kf1 Ba6 35. Bd3 Bxb5 36. Bxb5 Re4 37. a4 Rxd4 38. g3 Rb4 39. Qc3+ d4 40. Qb2 Qc5
41. Qe2 b2 42. Bd3 b1=Q+ 43. Bxb1 Rxb1+ 44. Kg2 Qc6+ 45. f3 Qd7 46. Qe5+ Kh7 47.
g4 d3 48. Qe4 Rb2+ 49. Kg3 d2 50. g5 d1=Q 51. Qh4+ Kg8 52. Qc4+ Q1d5 53. Qf4
Q5d6 54. h4 Qxf4+ {White resigns} 0-1

[Event "Team 45 45 League T75"]
[Site "Internet Chess Club"]
[Date "2018.01.30"]
[Round "6"]
[White "idjit"]
[Black "Goli"]
[Result "0-1"]
[WhiteElo "1574"]
[BlackElo "1712"]
[Opening "Pirc: Austrian attack, 6.Be3"]
[ECO "B06"]
[Time "13:00:25"]
[TimeControl "2700+45"]

1. e4 g6 2. d4 Bg7 3. f4 d6 4. Nf3 Nf6 5. Nc3 O-O 6. Be3 Nc6 7. Qd2 a6 8. O-O-O
b5 9. f5 b4 10. Na4 Nxe4 {White resigns} 0-1

[Event "Team 45 45 League T75"]
[Site "Internet Chess Club"]
[Date "2018.01.27"]
[Round "6"]
[White "AVEMARIA"]
[Black "Demachaeron"]
[Result "0-1"]
[WhiteElo "1586"]
[BlackElo "1659"]
[Opening "Scandinavian defense"]
[ECO "B01"]
[Time "13:01:04"]
[TimeControl "2700+45"]

1. e4 d5 2. exd5 Qxd5 3. Nc3 Qa5 4. d4 Nf6 5. Nf3 Bf5 6. a3 c6 7. Ne5 e6 8. Nc4
Qc7 9. Ne3 Bg6 10. Be2 Bd6 11. g3 Nbd7 12. Nc4 Be7 13. Bf4 Qd8 14. Nd6+ Bxd6 15.
Bxd6 Nb8 16. Be5 O-O 17. O-O Nd5 18. Nxd5 exd5 19. Bd3 Nd7 20. Re1 Qb6 21. Rb1
f6 22. Bd6 Rfe8 23. Bxg6 hxg6 24. Qd3 Kf7 25. b4 Qd8 26. Kf1 Nb6 27. Rxe8 Qxe8
28. Re1 Qd7 29. Re7+ Qxe7 30. Bxe7 Kxe7 31. Qxg6 Kf8 32. Qh5 Re8 33. Qd1 Nc4 34.
a4 b6 35. c3 Re4 36. Kg2 Re3 37. Qc1 Re2 38. Qf4 Re7 39. b5 cxb5 40. axb5 Na3
41. Qd6 Nxb5 42. Qxd5 Nxc3 43. Qa8+ Kf7 44. d5 Ne4 45. Qc6 Nc5 46. d6 Rd7 47. f4
Ke6 48. g4 g6 49. Qc8 Kxd6 50. Qf8+ Kc7 51. Qxf6 Rd2+ 52. Kh3 Rd3+ 53. Kh4 Rd6
54. Qa1 a5 55. f5 gxf5 56. gxf5 Kd7 57. Qg7+ Kc6 58. f6 Rd4+ 59. Kh5 Rd5+ 60.
Kg6 Rd6 61. Qe7 Nd7 62. Qe4+ Kc7 63. Qc4+ Rc6 64. Qf4+ Kb7 65. h4 Rxf6+ 66. Qxf6
Nxf6 67. Kxf6 a4 68. h5 a3 69. h6 a2 70. h7 a1=Q+ {White resigns} 0-1

[Event "Team 45 45 League T75"]
[Site "Internet Chess Club"]
[Date "2018.02.02"]
[Round "6"]
[White "Bizzy-Ketty"]
[Black "julesraider"]
[Result "1-0"]
[WhiteElo "1593"]
[BlackElo "1519"]
[Opening "Caro-Kann: exchange variation"]
[ECO "B13"]
[Time "17:01:05"]
[TimeControl "2700+45"]

1. e4 c6 2. d4 d5 3. exd5 cxd5 4. Bd3 Nc6 5. c3 Qc7 6. Nf3 e6 7. O-O Bd6 8. Re1
a6 9. Qe2 Nf6 10. Ne5 b5 11. a3 Nd7 12. Bf4 Nf6 13. Nd2 Rb8 14. h3 Na5 15. b4
Nc4 16. Bg5 Nd7 17. Nxf7 Nf6 18. Nxh8 Nxd2 19. Qxd2 Ne4 20. Bxe4 dxe4 21. Rxe4
h6 22. Bf4 Rb7 23. Qe3 g5 24. Bxd6 Qxd6 25. Ng6 Rf7 26. Ne5 Rf6 27. Ng4 Rg6 28.
Rd1 Bb7 29. Re5 Bd5 30. f3 Kf7 31. Rxd5 Qxd5 32. Ne5+ Kf6 33. Nxg6 Kxg6 34. Qe4+
Qf5 35. Qxf5+ Kxf5 36. g3 h5 37. d5 exd5 38. Rxd5+ {Black resigns} 1-0